 Dungeon Crawl Stone Soup version 0.24.0-13-gcf9b319 (webtiles) character file.

Game seed: 8235093361867907621, levelgen mode: deterministic

18 Bronimir the Stinger (level 2, -6/20 HPs)
             Began as a Formicid Venom Mage on Apr 21, 2020.
             Mangled by Natasha (9 damage)
             ... on level 2 of the Dungeon.
             The game lasted 00:02:25 (1079 turns).

Bronimir the Stinger (Formicid Venom Mage)          Turns: 1079, Time: 00:02:25

Health: -6/20      AC:  2    Str: 12    XL:     2   Next: 85%
Magic:  0/5        EV: 12    Int: 14    God:
Gold:   44         SH:  0    Dex: 11    Spells: 3/6 levels left

rFire    . . .     SeeInvis +   a - +0 hand axe
rCold    . . .     Gourm    .   (no shield)
rNeg     . . .     Faith    .   g - +0 robe
rPois    .         Spirit   .   (helmet unavailable)
rElec    .         Reflect  .   (no cloak)
rCorr    .         Harm     .   (no gloves)
MR       .....                  (no boots)
Stlth    ++........             (no amulet)
HPRegen  0.06/turn              (no ring)
MPRegen  0.09/turn              (no ring)

@: very slightly contaminated
A: permanent stasis, dig shafts and tunnels, four strong arms, antennae 3
a: Dig, Shaft Self


You were on level 2 of the Dungeon.
You were not hungry.

You visited 1 branch of the dungeon, and saw 2 of its levels.

You collected 44 gold pieces.

Inventory:

Hand Weapons
 a - a +0 hand axe (weapon)
 e - a +0 club
Missiles
 b - 41 stones (quivered)
 d - 27 arrows
 h - 24 sling bullets
Armour
 g - a +0 robe (worn)
Jewellery
 l - an uncursed amulet of faith {unknown}
Scrolls
 i - 2 scrolls of blinking {unknown}
 j - a scroll of fear {unknown}
 k - a scroll of identify {unknown}
 m - a scroll of enchant armour {unknown}
Comestibles
 c - 3 rations


   Skills:
 * Level 0.5 Fighting
 + Level 0.2 Axes
 * Level 0.3 Armour
 + Level 1.8 Dodging
 - Level 2.4 Stealth
 * Level 2.5 Spellcasting
 * Level 1.0 Conjurations
 * Level 4.5 Poison Magic


You had 3 spell levels left.
You knew the following spells:

 Your Spells              Type           Power        Failure   Level  Hunger
a - Sting                 Conj/Pois      #...         8%          1    #......
b - Poisonous Vapours     Pois/Air       #.....       14%         2    ###....

Your spell library contained the following spells:

 Spells                   Type           Power        Failure   Level  Hunger
 Mephitic Cloud           Conj/Pois/Air  #.......     32%         3    ###....
 Olgreb's Toxic Radiance  Pois           ##......     34%         4    #####..
 Venom Bolt               Conj/Pois      #.........   90%         5    ######.


Dungeon Overview and Level Annotations

Branches:
Dungeon (2/15)

Altars:

Annotations:
D:2 Natasha


Innate Abilities, Weirdness & Mutations

You cannot be hasted, slowed, berserked, paralysed or teleported.
You can dig through walls and to a lower floor.
Your four strong arms can wield two-handed weapons with a shield.
You have a pair of large antennae on your head. (SInv)


Message History

Aim: Natasha (lightly wounded, poisoned)
You miscast Sting.
You smell something strange.
Natasha claws you. The crimson imp misses you.
Casting: Sting (safe; 8% risk of failure)
Confirm with . or Enter, or press ? or * to list all spells.
Aiming: Poisonous Vapours (safe; 14% risk of failure)
Press: ? - help, Dir - move target cursor, f/p - Natasha
Aim: Natasha (lightly wounded, poisoned) Poisonous vapours surround Natasha!
Natasha is engulfed in poison gas.
Natasha looks even sicker.
Natasha claws you. The crimson imp hits you.
You barely miss Natasha.
Natasha is heavily wounded.
You hit the crimson imp but do no damage.
Natasha claws you!
* * * LOW HITPOINT WARNING * * *
The crimson imp misses you.
You barely miss Natasha.
Natasha is severely wounded.
You closely miss the crimson imp. Natasha claws you!
You die...

.... #. .# ..... #.
....# ......#. ...#
......#. ...# ......#.
..# ...<..#. ..#
........
########.#######........
%.....h@................
########5##############.
#....#.#........#.....
#......##.#####.#..#.#
####.####.# #.#..#.. #.#
#.# #.#..... #.####.#
#.###### #......#
#....... ########
#.######


You could see Natasha and a crimson imp.

Vanquished Creatures
  A ball python (D:1)
  3 giant cockroaches (D:1)
  2 goblins (D:1)
  2 hobgoblins (D:1)
  3 bats (D:1)
  2 frilled lizards (D:1)
  3 rats (D:1)
16 creatures vanquished.

Notes
Turn   | Place    | Note
-------+----------+-------------------------------------------
     0 | D:1      | Bronimir the Formicid Venom Mage began the quest for the
                  | Orb.
     0 | D:1      | Reached XP level 1. HP: 13/13 MP: 3/3
   202 | D:1      | Reached XP level 2. HP: 10/19 MP: 0/5
   218 | D:1      | Reached skill level 1 in Conjurations
   530 | D:1      | Learned a level 2 spell: Poisonous Vapours
  1072 | D:2      | Noticed Natasha
  1076 | D:2      | Noticed a crimson imp
  1079 | D:2      | Mangled by Natasha

Levels and vault maps discovered:
D:1:      psy_arrival_basics, layout_basic
D:2:      layout_basic, minitemple, uniq_robin, uniq_jessica, uniq_natasha

Skill      XL: |  1  2 |
---------------+-------+-----
Conjurations   | 1 |  1.0
Fighting       | |  0.5
Axes           | |  0.2
Armour         | |  0.3
Dodging        | |  1.8
Stealth        | |  2.4
Spellcasting   | |  2.5
Poison Magic   | |  4.5

Action                   || total
-------------------------++-------
Melee: Club              ||     8
       Unarmed           ||     1
       Hand axe          ||    30
 Cast: Sting             ||    22
       Poisonous Vapours ||     1
 Stab: Sleeping          ||     2
  Eat: Chunk             ||     1
Armor: Robe              ||    11
Dodge: Dodged            ||    47
